 Dungeon Crawl Stone Soup version 0.28.0-1-gb440e238dd (webtiles) character file.

Game seed: 4253214722612282217

223 croobank the Skirmisher (level 6, -3/53 HPs)
             Began as a Hill Orc Fighter on Feb 19, 2022.
             Was an Initiate of Beogh.
             Killed by divine providence
             ... invoked by an orc priest
              (13 damage)
             ... on level 3 of the Dungeon.
             The game lasted 00:07:26 (2656 turns).

croobank the Skirmisher (Hill Orc Fighter)          Turns: 2656, Time: 00:07:27

Health: -3/53      AC:  8    Str: 21    XL:     6   Next: 0%
Magic:  17/17      EV:  9    Int: 14    God:    Beogh [......]
Gold:   110        SH:  4    Dex: 10    Spells: 5/5 levels left

rFire   . . .      SeeInvis .   a - +0 war axe
rCold   . . .      Faith    .   c - +0 buckler
rNeg    + . .      Spirit   .   j - +0 scale mail
rPois   .          Reflect  .   l - -1 helmet of Tomorrow {rN+ Int+6}
rElec   .          Harm     .   (no cloak)
rCorr   .          Rampage  .   (no gloves)
Will    .....                   s - +0 pair of boots
Stlth   ..........              (no amulet)
HPRegen 0.17/turn               p - +4 ring of slaying
MPRegen 0.15/turn               q - ring of magical power

@: no status effects
A: no striking features
a: Renounce Religion


You were on level 3 of the Dungeon.
You worshipped Beogh.
Beogh was noncommittal.
You visited 1 branch of the dungeon, and saw 3 of its levels.

You collected 110 gold pieces.

Inventory:

Hand Weapons
 a - a +0 war axe (weapon)
 b - a +0 hunting sling
Missiles
 r - 6 poisoned darts (quivered)
Armour
 c - a +0 buckler (worn)
 h - a +0 leather armour
 j - a +0 scale mail (worn)
 l - the -1 helmet of Tomorrow (worn) {rN+ Int+6}
   (You found it on level 2 of the Dungeon)

   Int:       It affects your intelligence (+6).
   rN:        It protects you from negative energy.
 s - a +0 pair of boots (worn)
Jewellery
 n - an amulet of reflection
 p - a +4 ring of slaying (left hand)
 q - a ring of magical power (right hand)
Wands
 d - a wand of mindburst (11)
Scrolls
 e - a scroll of fear {unknown}
 f - a scroll of identify {unknown}
 g - a scroll of fog {unknown}
 i - a scroll of vulnerability {unknown}
 k - a scroll of noise {unknown}
Potions
 m - a potion of attraction {unknown}
 o - a potion of flight {unknown}


   Skills:
 + Level 4.7 Fighting
 + Level 4.2 Axes
 + Level 4.3 Armour
 + Level 4.3 Shields
 + Level 2.7 Invocations


You had 5 spell levels left.
You didn't know any spells.
Your spell library contained the following spells:

 Spells                   Type           Power      Damage    Failure   Level
 Sting                    Tmut/Pois      0%         1d3       69%         1
 Poisonous Vapours        Pois/Air       0%         N/A       83%         2
 Animate Dead             Necr           0%         N/A       100%        4
 Olgreb's Toxic Radiance  Pois           0%         N/A       100%        4
 Haunt                    Necr/Summ      0%         N/A       100%        7
 Infestation              Necr           0%         N/A       100%        8


Dungeon Overview and Level Annotations

Branches:
Dungeon (3/15)

Altars:


Message History

You slash the orc!
You kill the orc!
Beogh accepts your kill.
You hit the orc but do no damage. The orc misses you.
The orc priest mumbles some strange prayers to Beogh against you.
Beogh smites you! The orc hits you but does no damage.
The orc hits you with a +0 mace.
Things that are here:
a +0 whip; a +0 chain mail You closely miss the orc. x2; The orc hits you but does no damage.
You block the orc's attack.
You slash the orc!
The orc is almost dead.
You barely miss the orc. The orc hits you but does no damage. x2
You barely miss the orc.
The orc is almost dead.
You slash the orc!
You kill the orc!
Beogh accepts your kill. The orc hits you but does no damage.
The orc priest calls down the wrath of Beogh upon you.
Beogh smites you!
* * * LOW HITPOINT WARNING * * *
The orc hits you but does no damage.
You closely miss the orc.
The orc is almost dead.
The orc barely misses you.
You slash the orc!
You kill the orc!
Beogh accepts your kill.
You have reached level 6!
You closely miss the orc priest.
The orc priest hits you but does no damage.
The orc priest hits you with a +0 whip.
* * * LOW HITPOINT WARNING * * *
You barely miss the orc priest.
The orc priest mumbles some strange prayers to Beogh against you.
Beogh smites you!
You die...
Beogh appreciates the orc priest's killing of a heretic priest.

............#.# #.##.#
..............# #.##.#
###########.### #.##.# #
#.# #.##.# # #.# #.##.#
###########.# #.##.#
............# #.##.#
###################.#.#.###
#.o@..###....#
#.##)#.#.###)# # #.##.##
#.# #.##.# #.# #.##.# #.#
#.#..# #.# #.#.## #.# #.#o
#.# #o #.#


You could see an orc priest.

Vanquished Creatures
  3 jellies (D:2)
  Ijyb (D:3)
  An iguana (D:2)
  3 adders
  A worm (D:2)
  3 orcs (D:3)
  3 ball pythons
  7 endoplasms
  A giant cockroach (D:2)
  4 goblins
  4 hobgoblins (D:1)
  A quokka (D:1)
  3 bats
  2 frilled lizards (D:2)
  10 kobolds
  4 rats
51 creatures vanquished.

Vanquished Creatures (others)
  3 orcs (D:3)
  5 fungi (D:2)
  10 toadstools (D:2)
18 creatures vanquished.

Grand Total: 69 creatures vanquished

Notes
Turn   | Place    | Note
-------+----------+-------------------------------------------
     0 | D:1      | croobank the Hill Orc Fighter began the quest for the Orb.
     0 | D:1      | Reached XP level 1. HP: 19/19 MP: 1/1
   175 | D:1      | Reached XP level 2. HP: 24/27 MP: 2/2
  1001 | D:2      | Reached skill level 1 in Invocations
  1001 | D:2      | Reached XP level 3. HP: 14/33 MP: 3/3
  1209 | D:2      | Identified the -1 helmet of Tomorrow {rN+ Int+6}
  1389 | D:2      | Reached XP level 4. HP: 32/40 MP: 3/5
  1814 | D:2      | Reached XP level 5. HP: 37/47 MP: 6/6
  2014 | D:2      | Found a faded altar of an unknown god.
  2416 | D:3      | Noticed Ijyb
  2423 | D:3      | Killed Ijyb
  2639 | D:3      | Became a worshipper of Beogh the Brigand
  2655 | D:3      | Reached XP level 6. HP: 14/53 MP: 8/8
  2656 | D:3      | Killed from afar by an orc priest

Illustrated notes

Levels and vault maps discovered:
D:1:      sevenhm_arrival_forest_fort_small_3, layout_loops_ring
D:2:      cheibrodos_fertilizer, layout_basic, ebering_ecumenical_altar_mist,
          chequers_serial_rivers_micro_d
D:3:      layout_loops_ring, cheibrodos_gnoll_hut, uniq_ijyb

Skill      XL: |  1  2  3  4  5 |
---------------+----------------+-----
Axes           | 3 4 |  4.2
Fighting       | 4 |  4.7
Invocations    | 1 2 |  2.7
Shields        | 4 |  4.3
Armour         | 4 |  4.3

Action                   |  1- 3 |  4- 6 || total
-------------------------+-------+-------++-------
Melee: War axe           |    75 |    67 ||   142
Invok: Convert to Beogh  |       |     1 ||     1
  Use: Potion            |       |     1 ||     1
Armor: Scale mail        |    32 |    29 ||    61
Dodge: Dodged            |    33 |    31 ||    64
Block: Buckler           |    23 |    12 ||    35
